 Dungeon Crawl Stone Soup version 0.24.0-123-gd5b16e6ec5 (webtiles) character file.

Game seed: 11961874097609902802, levelgen mode: deterministic

34721 Devam the Fighter (level 13, -14/92 HPs)
             Began as an Octopode Wizard on Dec 31, 2019.
             Was a High Priest of Vehumet.
             Demolished by an orc warrior
             ... wielding a +0 flail
              (16 damage)
             ... on level 2 of the Orcish Mines on Jan 1, 2020.
             The game lasted 01:39:58 (28709 turns).

Devam the Fighter (Octopode Wizard)                Turns: 28709, Time: 01:39:59

Health: -14/92     AC:  3    Str:  7    XL:     13   Next: 79%
Magic:  14/32      EV: 14    Int: 23    God:    Vehumet [*****.]
Gold:   1947       SH: 13    Dex: 12    Spells: 7/26 levels left

rFire    . . .     SeeInvis +   l - +4 dagger (venom)
rCold    . . .     Gourm    .   x - +2 shield
rNeg     . . .     Faith    .   E - +2 hat
rPois    +         Spirit   .   d - +2 amulet of reflection
rElec    .         Reflect  +   b - ring of stealth
rCorr    .         Harm     .   y - ring of flight
MR       .....                  w - ring of see invisible
Stlth    +++++++...             J - ring of wizardry
HPRegen  0.25/turn              P - ring of wizardry
MPRegen  0.23/turn              R - ring of stealth
                                N - ring of poison resistance
                                f - ring of magical power

@: no status effects
A: almost no armour, stealthy swim, amphibious, 8 rings, constrict 8, camouflage
1, gelatinous body 1
a: Renounce Religion, Evoke Flight


You were on level 2 of the Orcish Mines.
You worshipped Vehumet.
Vehumet was extremely pleased with you.
You were not hungry.

You visited 4 branches of the dungeon, and saw 20 of its levels.

You collected 1947 gold pieces.

Inventory:

Hand Weapons
 l - a +4 dagger of venom (weapon)
 z - a +3 dagger
Missiles
 r - 3 boomerangs of dispersal (quivered)
Armour
 x - a +2 shield (worn)
 E - a +2 hat (worn)
Jewellery
 b - a ring of stealth (left tentacle)
 d - a +2 amulet of reflection (around mantle)
 f - a ring of magical power (on tentacle)
 w - a ring of see invisible (on tentacle)
 y - a ring of flight (right tentacle)
 J - a ring of wizardry (on tentacle)
 N - a ring of poison resistance (on tentacle)
 P - a ring of wizardry (on tentacle)
 R - a ring of stealth (on tentacle)
Wands
 n - a wand of enslavement (6)
 q - a wand of iceblast (30)
 t - a wand of scattershot (10)
 D - a wand of paralysis (12)
 H - a wand of digging (2)
 L - a wand of clouds (5)
 T - a wand of acid (25)
 V - a wand of flame (17)
Scrolls
 a - a scroll of silence
 k - a scroll of remove curse {@r2}
 p - a scroll of teleportation
 s - a scroll of holy word
 u - a scroll of immolation
 A - 5 scrolls of magic mapping
 G - 3 scrolls of fog
 K - 3 scrolls of blinking
 Q - a scroll of fear
 U - 2 scrolls of vulnerability
 Z - a scroll of torment
Potions
 e - 3 potions of lignification
 g - 5 potions of brilliance
 h - 7 potions of curing {@q1}
 i - a potion of cancellation
 m - 4 potions of agility
 o - 6 potions of haste
 v - 3 potions of flight
 C - 4 potions of berserk rage
 F - 3 potions of ambrosia
 M - a potion of invisibility
 O - a potion of magic
 S - 2 potions of might
 Y - a potion of heal wounds
Comestibles
 c - 26 rations


   Skills:
 - Level 10.1 Fighting
 - Level 10.0 Short Blades
 - Level 5.1 Dodging
 + Level 8.2 Stealth
 - Level 8.1 Shields
 - Level 7.0 Spellcasting
 + Level 8.2 Conjurations
 - Level 3.0 Hexes
   Level 2.0 Summonings
 - Level 3.0 Translocations
 - Level 4.0 Fire Magic
 - Level 6.0 Air Magic
 + Level 3.3 Earth Magic
 + Level 6.2 Poison Magic


You had 7 spell levels left.
You knew the following spells:

 Your Spells              Type           Power        Failure   Level  Hunger
a - Shock                 Conj/Air       ####         1%          1    None
b - Blink                 Tloc           N/A          2%          2    None
c - Dazzling Spray        Conj/Hex       ####..       1%          3    None
d - Conjure Flame         Conj/Fire      #####...     1%          3    None
e - Mephitic Cloud        Conj/Pois/Air  #####...     1%          3    None
f - Olgreb's Toxic Radia  Pois           #####...     1%          4    ###....
g - Stone Arrow           Conj/Erth      ####..       1%          3    None

Your spell library contained the following spells:

 Spells                   Type           Power        Failure   Level  Hunger
 Bolt of Magma            Conj/Fire/Erth ####......   7%          5    #####..
 Confusing Touch          Hex            ###...       1%          1    None
 Corona                   Hex            ###....      1%          1    None
 Magic Dart               Conj           ####         1%          1    None
 Sandblast                Erth           ###...       1%          1    None
 Poisonous Vapours        Pois/Air       #####.       1%          2    None
 Inner Flame              Hex/Fire       ###.....     1%          3    None
 Sticky Flame             Conj/Fire      #####...     1%          4    ###....
 Slow                     Hex            ###.....     2%          2    None
 Call Imp                 Summ           ###.....     3%          2    None
 Ensorcelled Hibernation  Hex/Ice        ###...       4%          2    None
 Passwall                 Tmut/Erth      ###.....     4%          2    None
 Shroud of Golubria       Chrm/Tloc      ###...       4%          2    None
 Confuse                  Hex            ###.....     4%          3    None
 Gell's Gravitas          Tloc           ###.......   4%          3    None
 Portal Projectile        Hex/Tloc       ###...       4%          3    None
 Spider Form              Tmut/Pois      ###.......   4%          3    None
 Tukima's Dance           Hex            ###.....     4%          3    None
 Fireball                 Conj/Fire      #####.....   4%          5    #####..
 Beastly Appendage        Tmut           #.....       5%          1    None
 Infusion                 Chrm           #...         5%          1    None
 Song of Slaying          Chrm           #.......     8%          2    None
 Sticks to Snakes         Tmut           #.......     8%          2    None
 Spectral Weapon          Hex/Chrm       ###.....     9%          3    None
 Leda's Liquefaction      Hex/Erth       ###.......   13%         4    ###....
 Cause Fear               Hex            ###.......   14%         4    ###....
 Lee's Rapid Deconstruct  Erth           ###.......   14%         5    #####..
 Regeneration             Chrm/Necr      #.........   16%         3    None
 Petrify                  Tmut/Erth      ###.....     24%         4    ###....
 Yara's Violent Unravell  Hex/Tmut       ###.......   26%         5    #####..
 Freezing Cloud           Conj/Ice/Air   ####......   36%         6    ######.
 Ice Form                 Ice/Tmut       #.......     41%         4    ###....
 Metabolic Englaciation   Hex/Ice        ###.......   54%         5    #####..
 Blade Hands              Tmut           #.........   75%         5    #####..
 Ring of Flames           Chrm/Fire      ###.......   100%        7    #######
 Ignition                 Fire           ####......   100%        8    #######


Dungeon Overview and Level Annotations

Branches:
Dungeon (12/15)            Temple (1/1) D:5            Lair (5/6) D:8
 Shoals (0/4) Lair:3       Spider (0/4) Lair:4        Slime (0/5) Lair:5
    Orc (2/2) D:9             Elf (0/3) Orc:2

Altars:
Ashenzari
Dithmenos
Hepliaklqana
Ru
Vehumet
Xom
Zin
Beogh
Jiyva

Annotations:
D:9 2 runed translucent doors
Lair:2 3 runed translucent doors, Elebi's ghost, journeyman DrTm
Lair:3 2 runed translucent doors, Huasawuy's ghost, journeyman TrWz
Lair:5 exclusion: 3 oklob plants


Innate Abilities, Weirdness & Mutations

You cannot wear most types of armour.
You are very stealthy in the water. (Stealth+)
You are amphibious.
You can wear up to eight rings at the same time.
You can use your tentacles to constrict eight enemies at once.
Your skin changes colour to match your surroundings (Stealth+).
Your rubbery body absorbs attacks. (AC +1, EV +1)


Message History

The stone giant is moderately wounded.
The stone giant is engulfed in noxious fumes.
The stone giant throws a large rock.
You reflect the large rock off an invisible shield around you!
The large rock hits the stone giant!!
Casting: Dazzling Spray (safe; 1% risk of failure)
Confirm with . or Enter, or press ? or * to list all spells.
Aiming: Dazzling Spray (safe; 1% risk of failure)
Press: ? - help, Shift-Dir - straight line, f/p - stone giant
Aim: a stone giant (heavily wounded)
The spray of energy hits the stone giant.
The stone giant is heavily wounded.
The stone giant throws a large rock.
The large rock hits you!!!
* * * LOW HITPOINT WARNING * * *
An orc warrior comes into view.
It is wielding a +0 flail and wearing a +8 plate armour of ponderousness.
Casting: Dazzling Spray (safe; 1% risk of failure)
Confirm with . or Enter, or press ? or * to list all spells.
You blink.
The orc warrior hits you with a +0 flail!
You die...

................[.<.#...#.#.####
..............)..[...........#.##
...#............[[..............#
#............)[.[.#..)..###.##.#.
#....#...._[..)(.)....#.#........
......>.......)...#.........#..#.
............[...)..............##
#............))[o........#....##
.......<........@#...#.........##
................................#
.................................
...........#............#....#...
........................#.)......
........................).......#
......##..............§.☼°○......
.......#...............)○C☼......
........#......#...#....☼°.......


You could see an orc warrior.

Vanquished Creatures
  2 hydras
  Erica (D:8)
  2 two-headed ogres
  3 death yaks (Lair:4)
  Sonja (Lair:4)
  2 unseen horrors (D:10)
  Pikel (D:5)
  An orc sorcerer (Orc:1)
  An ugly thing (D:7)
  A cyclops (D:12)
  A manticore (Lair:3)
  7 elephants
  2 spiny frogs
  4 komodo dragons
  3 yaktaurs (D:12)
  2 trolls (Orc:1)
  12 blink frogs
  9 hippogriffs
  A wraith (D:10)
  28 yaks
  4 basilisks
  2 wyverns
  Eustachio (D:5)
  3 hungry ghosts
  2 steam dragons
  Menkaure (D:6)
  Edmund (D:6)
  A warg (Orc:1)
  9 water moccasins
  An acid dragon (D:11)
  6 porcupines
  A slave (D:5)
  11 orc warriors
  7 black bears
  3 ice beasts
  7 ogres
  3 sky beasts
  A phantom (D:11)
  A wolf (D:8)
  11 centaurs
  11 crocodiles
  3 big kobolds
  Blork the orc (D:6)
  12 bullfrogs
  A scorpion (D:8)
  8 killer bees
  8 wights
  4 electric eels
  5 howler monkeys
  10 crimson imps
  4 centaur zombies
  A bullfrog zombie (D:7)
  3 quasits
  3 hounds
  3 bullfrog skeletons
  4 jellies
  Crazy Yiuf (D:4)
  5 centaur skeletons
  9 orc priests
  23 orc wizards
  Jessica (D:2)
  Terence (D:3)
  5 iguanas
  Natasha (thrice) (D:3)
  15 worker ants
  A hound zombie (D:8)
  2 worker ant zombies (D:11)
  A howler monkey zombie (D:5)
  7 gnolls
  16 adders
  2 shadow imps
  An adder zombie (D:5)
  2 worms
  2 dart slugs
  3 leopard geckos
  74 orcs
  6 giant cockroaches
  7 goblins
  5 hobgoblins
  11 jackals
  10 kobolds
  7 quokkas
  A ball python (D:3)
  5 bats
  2 frilled lizards
  5 rats
  A fungus (Lair:5)
475 creatures vanquished.

Vanquished Creatures (collateral kills)
  A worm (D:2)
1 creature vanquished.

Vanquished Creatures (others)
  A yaktaur (D:12)
  A slave (D:5)
  A scorpion (D:5)
  Ijyb (D:5)
  An adder (D:5)
  A giant cockroach (D:5)
  A leopard gecko skeleton (D:5)
  A bush (Lair:4)
  15 fungi
  11 plants
34 creatures vanquished.

Grand Total: 510 creatures vanquished

Notes
Turn   | Place    | Note
-------+----------+-------------------------------------------
     0 | D:1      | Devam the Octopode Wizard began the quest for the Orb.
     0 | D:1      | Reached XP level 1. HP: 11/11 MP: 4/4
   529 | D:1      | Reached XP level 2. HP: 17/17 MP: 4/6
   934 | D:1      | Learned a level 2 spell: Blink
   937 | D:1      | Learned a level 2 spell: Call Imp
  1325 | D:2      | Noticed Jessica
  1360 | D:2      | Killed Jessica
  1360 | D:2      | Reached XP level 3. HP: 18/21 MP: 0/7
  1921 | D:2      | Reached XP level 4. HP: 27/27 MP: 8/8
  2560 | D:3      | Learned a level 3 spell: Conjure Flame
  2715 | D:3      | Noticed Natasha
  2972 | D:3      | Killed Natasha
  2972 | D:3      | Reached XP level 5. HP: 31/31 MP: 0/9
  3062 | D:3      | Noticed Natasha
  3084 | D:3      | Killed Natasha
  3084 | D:3      | Reached skill level 5 in Conjurations
  3120 | D:3      | Noticed Natasha
  3130 | D:3      | Killed Natasha
  3342 | D:3      | Noticed Terence
  3373 | D:3      | Killed Terence
  3461 | D:3      | Found a radiant altar of Vehumet.
  3495 | D:3      | Became a worshipper of Vehumet
  3634 | D:4      | Reached XP level 6. HP: 36/36 MP: 5/12
  3820 | D:4      | Got a faintly glowing rapier
  3821 | D:4      | Identified the +9 rapier of the Countless Queens {pierce,
                  | *Noise MR+ Dex+2} (You found it on level 4 of the Dungeon)
  3990 | D:4      | Reached skill level 1 in Fire Magic
  3992 | D:4      | Identified the cursed +1 robe of Qazlal's Favour {*Corrode
                  | +Blink MP+9}
  4533 | D:3      | Learned a level 3 spell: Mephitic Cloud
  4756 | D:4      | Found a shadowy altar of Dithmenos.
  4795 | D:4      | Reached XP level 7. HP: 19/41 MP: 8/13
  4981 | D:4      | Found a runed translucent door.
  4982 | D:4      | Noticed Crazy Yiuf
  4992 | D:4      | Killed Crazy Yiuf
  4992 | D:4      | Reached skill level 1 in Poison Magic
  5140 | D:5      | Entered Level 5 of the Dungeon
  5233 | D:5      | Noticed a hippogriff
  5237 | D:5      | Reached skill level 1 in Air Magic
  5245 | D:5      | Killed a hippogriff
  5378 | D:5      | Reached * piety under Vehumet
  5378 | D:5      | Offered knowledge of Shock by Vehumet.
  5385 | D:5      | Learned a level 1 spell: Shock
  5693 | D:5      | Noticed Pikel
  5701 | D:5      | Killed Pikel
  5701 | D:5      | Reached XP level 8. HP: 46/46 MP: 4/14
  5881 | D:5      | Found a staircase to the Ecumenical Temple.
  5882 | D:5      | Killed Ijyb
  5885 | D:5      | Found a shimmering altar of Xom.
  5931 | Temple   | Entered the Ecumenical Temple
  6210 | D:5      | Reached skill level 1 in Short Blades
  6250 | D:5      | Noticed Eustachio
  6266 | D:5      | Killed Eustachio
  6450 | D:5      | Reached skill level 1 in Fighting
  6496 | D:5      | Reached XP level 9. HP: 20/55 MP: 3/15
  7064 | D:6      | Found a hazy altar of Hepliaklqana.
  7227 | D:6      | Found a sacrificial altar of Ru.
  7294 | D:6      | Reached skill level 1 in Shields
  7478 | D:6      | Noticed Edmund
  7494 | D:6      | Killed Edmund
  7686 | D:6      | Offered knowledge of Flame Tongue by Vehumet.
  7754 | D:6      | Noticed Blork the orc
  7774 | D:6      | Killed Blork the orc
  8018 | D:6      | Found a glowing silver altar of Zin.
  8019 | D:6      | Noticed Menkaure
  8028 | D:6      | Killed Menkaure
  8284 | D:7      | Reached ** piety under Vehumet
  8445 | D:7      | Reached skill level 5 in Shields
  9658 | D:8      | Found a shattered altar of Ashenzari.
  9794 | D:8      | Noticed a purple ugly thing
 10014 | D:7      | Killed a purple ugly thing
 10014 | D:7      | Reached skill level 5 in Spellcasting
 10014 | D:7      | Reached XP level 10. HP: 21/64 MP: 10/18
 10246 | D:8      | Offered knowledge of Throw Flame by Vehumet.
 10493 | D:8      | Reached *** piety under Vehumet
 10550 | D:8      | Noticed Erica
 10575 | D:8      | Killed Erica
 10575 | D:8      | Reached skill level 5 in Air Magic
 10788 | D:8      | Offered knowledge of Olgreb's Toxic Radiance by Vehumet.
 10794 | D:8      | Learned a level 4 spell: Olgreb's Toxic Radiance
 10981 | D:8      | Found a staircase to the Lair.
 11123 | D:8      | Reached skill level 5 in Poison Magic
 11585 | D:9      | Learned a level 3 spell: Dazzling Spray
 11677 | D:9      | Reached **** piety under Vehumet
 11948 | D:9      | Found a staircase to the Orcish Mines.
 12245 | D:9      | Found a runed translucent door.
 12245 | D:9      | Found a runed translucent door.
 12315 | D:9      | Reached XP level 11. HP: 42/69 MP: 17/19
 12844 | D:10     | Entered Level 10 of the Dungeon
 13337 | D:10     | Learned a level 3 spell: Stone Arrow
 13342 | D:10     | Noticed an unseen horror
 13499 | D:10     | Identified the Guide on Fire
 13506 | D:10     | Noticed a two-headed ogre
 13535 | D:10     | Killed a two-headed ogre
 13535 | D:10     | Reached skill level 5 in Fighting
 13946 | D:10     | Killed an unseen horror
 13960 | D:10     | Noticed an unseen horror
 13974 | D:10     | Killed an unseen horror
 13974 | D:10     | Reached skill level 5 in Short Blades
 14138 | D:10     | Offered knowledge of Static Discharge by Vehumet.
 14633 | D:11     | Reached skill level 1 in Hexes
 14633 | D:11     | Reached skill level 1 in Earth Magic
 14949 | D:11     | Noticed a four-headed hydra
 17303 | Lair:1   | Entered Level 1 of the Lair of Beasts
 17443 | Lair:1   | Reached XP level 12. HP: 66/77 MP: 9/21
 18345 | Lair:2   | Noticed a minotaur
 18354 | Lair:2   | Found a runed translucent gate.
 18354 | Lair:2   | Found a runed translucent gate.
 18354 | Lair:2   | Found a runed translucent gate.
 18448 | Lair:2   | Noticed a four-headed hydra
 18465 | Lair:2   | Killed a four-headed hydra
 19605 | Lair:2   | Noticed a six-headed hydra
 19608 | Lair:2   | Noticed Elebi's ghost (journeyman DrTm)
 19738 | Lair:3   | Found a runed translucent door.
 19738 | Lair:3   | Found a shimmering altar of Xom.
 19738 | Lair:3   | Noticed Huasawuy's ghost (journeyman TrWz)
 20334 | Lair:3   | Found a runed translucent door.
 20449 | Lair:3   | Found a staircase to the Shoals.
 20946 | Lair:3   | Identified the cursed +1 long sword of Yrewiti {chaos,
                  | +Blink Str+2}
 21039 | Lair:4   | Found a hole to the Spider Nest.
 21081 | Lair:4   | Noticed a death yak
 21083 | Lair:4   | Noticed a death yak
 21085 | Lair:4   | Noticed a death yak
 21085 | Lair:4   | Noticed a death yak
 21099 | Lair:4   | Killed a death yak
 21099 | Lair:4   | Killed a death yak
 21117 | Lair:4   | Killed a death yak
 21694 | Lair:4   | Noticed Sonja
 21705 | Lair:4   | Killed Sonja
 21705 | Lair:4   | Reached skill level 10 in Fighting
 22419 | Lair:4   | Reached ***** piety under Vehumet
 22419 | Lair:4   | Offered knowledge of Bolt of Magma by Vehumet.
 22642 | Lair:4   | Reached XP level 13. HP: 92/92 MP: 17/22
 23041 | Lair:5   | Found a viscous altar of Jiyva.
 23041 | Lair:5   | Found a staircase to the Slime Pits.
 24516 | Lair:5   | Reached skill level 10 in Short Blades
 24987 | Lair:1   | Identified a scroll of acquirement
 24988 | Lair:1   | Got a crude bone amulet
 24992 | Lair:1   | Identified the amulet "Biofof" {+Rage Slay+2} (You acquired
                  | it on level 1 of the Lair of Beasts)
 27149 | Orc:1    | Entered Level 1 of the Orcish Mines
 27159 | Orc:1    | Reached skill level 5 in Dodging
 27706 | Orc:2    | Entered Level 2 of the Orcish Mines
 27706 | Orc:2    | Found a staircase to the Elven Halls.
 27706 | Orc:2    | Found a roughly hewn altar of Beogh.
 28007 | Orc:1    | Found a roughly hewn altar of Beogh.
 28366 | Orc:2    | Noticed a stone giant
 28708 | Orc:2    | HP: 2/92 [stone giant/large rock (40)]
 28709 | Orc:2    | Demolished by an orc warrior

Levels and vault maps discovered:
D:1:      ncdulo_lavacross, layout_loops_corners, minmay_misc_feat_square,
          st_stairs_6
D:2:      layout_loops_corners, kennysheep_generic_room_14, uniq_jessica
D:3:      layout_basic, vehumet_crystals, first_ration, uniq_terence,
          uniq_natasha
D:4:      layout_rooms, nicolae_dithmenos_through_a_glass_darkly, st_stairs_4,
          dk_vineyard_2, minmay_misc_feat_enclosed, uniq_crazy_yiuf_cottage
D:5:      layout_loops_corners, minmay_temple_entry_poolview, led_xom_imps,
          uniq_pikel, uniq_eustachio, uniq_ijyb
D:6:      layout_basic, lemuel_doored_altar, marbit_many_paths, basic_altar,
          uniq_blork_the_orc, uniq_menkaure, uniq_edmund
D:7:      layout_basic
D:8:      layout_loops_cross, minmay_lair_entry_grove, basic_altar,
          grunt_pizzeria, serial_bayou_pond_b, uniq_erica
D:9:      minmay_the_grid_four_pointed_star
          [minmay_the_grid_triangle_9x9_flanged_cone,
          minmay_the_grid_triangle_9x9_warning,
          minmay_the_grid_triangle_9x9_corrupted_corridor,
          minmay_the_grid_triangle_9x9_tough_junction,
          minmay_the_grid_prize_trominoes], layout_stronghold
D:10:     layout_gridville, minmay_radiant
D:11:     layout_irregular_city, minmay_joined_circles
D:12:     layout_irregular_city
Temple:   regret_index_temple_mists
Lair:1:   layout_long_grid, st_stairs_10, ldierk_geyser
Lair:2:   layout_cave_pods, maelrawn_ghost_gauntlet_escape
Lair:3:   gammafunk_mikee_crab_dinner, layout_regular_city,
          minmay_shoals_entry_beasts, ebering_ghost_xom, minivault_27,
          serial_bayou_shore_b
Lair:4:   layout_loops_ring, spider_nest_entry_web_field, serial_bayou_ford_a,
          uniq_sonja
Lair:5:   dpeg_oklob_gauntlet, layout_regular_city,
          dpeg_slime_entry_enclosed_altar, enter_volcano_4, serial_bayou_lake_a
Orc:1:    layout_diamond_mine, basic_altar
Orc:2:    st_orc_pillars, layout_caves, mines2_david

Skill      XL: |  1  2  3  4  5  6  7  8  9 10 11 12 13 |
---------------+----------------------------------------+-----
Conjurations   | 2 3 4 5 6 7 8 |  8.2
Spellcasting   | 4 5 6 7 |  7.0
Fire Magic     | 1 3 4 |  4.0
Stealth        | 3 6 8 |  8.2
Summonings     | 2 |  2.0
Translocations | 2 3 |  3.0
Poison Magic   | 4 5 6 |  6.2
Air Magic      | 3 4 6 |  6.0
Short Blades   | 2 5 7 10 | 10.0
Fighting       | 2 4 5 10 | 10.1
Shields        | 6 8 |  8.1
Hexes          | 3 |  3.0
Earth Magic    | 3 |  3.3
Dodging        | 5 |  5.1

Action                   |  1- 3 |  4- 6 |  7- 9 | 10-12 | 13-15 || total
-------------------------+-------+-------+-------+-------+-------++-------
Melee: Unarmed           |     5 |       |       |       |       ||     5
       Constrict         |     4 |    16 |    26 |    47 |    26 ||   119
       Mace              |    14 |    23 |       |       |       ||    37
       Tentacles         |     1 |    11 |    24 |    64 |    32 ||   132
       Dagger            |       |    36 |   137 |   427 |   230 ||   830
 Cast: Magic Dart        |    57 |   109 |    15 |       |       ||   181
       Call Imp          |     1 |     1 |     2 |     1 |       ||     5
       Conjure Flame     |       |     2 |     8 |     4 |       ||    14
       Blink             |       |     1 |     2 |     7 |    10 ||    20
       Shock             |       |       |   177 |   300 |   148 ||   625
       Mephitic Cloud    |       |       |    10 |    30 |    29 ||    69
       Dazzling Spray    |       |       |       |   104 |    43 ||   147
       Olgreb's Toxic Ra |       |       |       |    10 |    18 ||    28
       Stone Arrow       |       |       |       |    22 |    43 ||    65
  Use: Scroll            |       |    12 |     8 |    19 |     7 ||    46
       Potion            |       |       |     2 |       |       ||     2
 Stab: Sleeping          |     3 |     2 |     9 |    19 |     8 ||    41
       Distracted        |       |     1 |       |       |       ||     1
       Confused          |       |       |     3 |    16 |    12 ||    31
       Invisible         |       |       |       |    11 |     5 ||    16
  Eat: Chunk             |     3 |     9 |    17 |    45 |    18 ||    92
       Ration            |       |       |       |     2 |     1 ||     3
Armor: Skin              |     5 |     1 |    10 |    19 |     9 ||    44
Dodge: Dodged            |    25 |    28 |    68 |   150 |    82 ||   353
Block: Other             |       |     4 |     1 |       |       ||     5
       Shield            |       |       |    50 |   182 |   102 ||   334
       Reflection        |       |       |     5 |     2 |     8 ||    15
